 Dungeon Crawl Stone Soup version 0.32-a0-986-ga09f62fbf4 (webtiles) character file.

Game seed: 7901357150431326778

56 GiantSquids the Changeling (level 3, -3/23 HPs)
             Began as an Octopode Shapeshifter on Apr 22, 2024.
             Was a Follower of Dithmenos.
             Killed by divine providence
             ... invoked by an orc priest
              (14 damage)
             ... on level 3 of the Dungeon.
             The game lasted 00:02:32 (1442 turns).

GiantSquids the Changeling (Octopode Shapeshifter)  Turns: 1442, Time: 00:02:33

Health: -3/23      AC:  1    Str: 15    XL:     3   Next: 95%
Magic:  3/3        EV: 12    Int: 12    God:    Dithmenos [*.....]
Gold:   30         SH:  0    Dex: 11    Spells: 2/2 levels left

rFire   . .          .
                       - Unarmed
rCold   . . .        (no shield)
rNeg    . . .        (helmet currently unavailable)
rPois   .            (no amulet)
rElec   .            (no ring)
rCorr   .            (no ring)
SInv    .            (no ring)
Will    .....        (no ring)
Stlth   +++          (no ring)
HPRegen 0.23/turn    (no ring)
MPRegen 0.08/turn    (no ring)
                     (no ring)

%: no passive effects
@: beast-form, wreathed by umbra
A: beast (slay +2), almost no armour, amphibious, 8 rings, camouflage 1,
gelatinous body 1, (nimble swimmer 1), tentacles
a: Begin Untransformation, Renounce Religion


You were on level 3 of the Dungeon.
You worshipped Dithmenos.
Dithmenos was aware of your devotion.
You were a hulking beast.
You visited 1 branch of the dungeon, and saw 3 of its levels.

You collected 30 gold pieces.

Inventory:

Talismans
 b - a beast talisman (active)
 c - a flux talisman
Scrolls
 e - 3 scrolls of identify {unknown}
 g - a scroll of torment {unknown}
 h - 2 scrolls of revelation {unknown}
 i - a scroll of silence {unknown}
 k - a scroll of vulnerability {unknown}
 l - a scroll of immolation
 m - a scroll of enchant weapon {unknown}
 n - a scroll of teleportation {unknown}
Potions
 a - 2 potions of lignification
 d - 2 potions of haste {unknown}
 f - a potion of attraction {unknown}
 j - 2 potions of heal wounds {unknown}
 o - 2 potions of magic {unknown}


   Skills:
 - Level 1.0 Fighting
 - Level 2.0 Dodging
 + Level 2.7 Stealth
 - Level 3.0 Unarmed Combat
 * Level 4.0 Shapeshifting


You had 2 spell levels left.
You didn't know any spells.
Your spell library was empty.

Dungeon Overview and Level Annotations

Branches:
Dungeon (3/15)

Altars:
Dithmenos
Fedhas

Shops:
D:2 !*(=


Innate Abilities, Weirdness & Mutations

You are a hulking beast.
Your limbs bulge with bestial killing power. (Slay +2)
You cannot wear most types of armour.
You are amphibious.
You can wear up to eight rings at the same time.
Your skin changes colour to match your surroundings (Stealth+).
Your rubbery body absorbs attacks. (AC +1, EV +1)
((You are camouflaged when in or above water. (Stealth+)))
You have tentacles for arms and can constrict up to eight enemies at once.


Message History

You kill the orc!
Dithmenos accepts your kill.
No target in view!
Things that are here:
a +0 war axe; an orc corpse An adder is nearby!
No target in view!
No target in view!
Found 2 clear potions.
h - 2 scrolls labelled BOCZATHRIE SAWA (gained 1)
An adder is nearby!
The adder hisses angrily.
You closely miss the adder. You grab the adder. You squeeze the adder!
The adder is almost dead.
You constrict the adder.
You kill the adder!
Dithmenos accepts your kill.
Your Shapeshifting skill increases to level 4!
No target in view!
o - 2 clear potions You see here an adder corpse.
A goblin comes into view. It is wielding a +0 club.
The goblin shouts!
You tentacle-slap the goblin. Your grab misses the goblin.
The goblin is heavily wounded.
You hear a shout! x2
The goblin closely misses you.
You tentacle-slap the goblin.
You kill the goblin!
Dithmenos accepts your kill.
An orc priest comes into view. It is wielding a +0 dagger.
Found a stone staircase leading up and a stone staircase leading down.
The orc priest calls down the wrath of Beogh upon you.
Beogh smites you!
Ouch! That really hurt!
An orc priest is nearby!
The orc priest invokes the aid of Beogh against you.
Beogh smites you!
Ouch! That really hurt!
You die...

... ..# .o# .. ..#
.# .# ##
#.##.####.#
..##......#..
...........
#######......#
.....$.).....#
.......h.....#
#......#...###
#.....<###.##
#...... #..#
#...>.. ##.##
....... #..#
###.### ##.# #
#....####..###...#
#.............#


You could see an orc priest.

Vanquished Creatures
  2 adders
  An orc (D:3)
  2 bats
  2 endoplasms
  4 giant cockroaches
  2 goblins
  2 hobgoblins
  3 jackals (D:2)
  2 kobolds
  A quokka (D:1)
  6 ball pythons
  5 frilled lizards
  A rat (D:1)
33 creatures vanquished.

Notes
Turn   | Place    | Note
-------+----------+-------------------------------------------
     0 | D:1      | GiantSquids the Octopode Shapeshifter began the quest for
                  | the Orb.
     0 | D:1      | Reached XP level 1. HP: 13/13 MP: 1/1
   140 | D:1      | Reached skill level 1 in Stealth
   142 | D:1      | Reached XP level 2. HP: 18/18 MP: 2/2
   868 | D:2      | Found a faded altar of an unknown god.
   883 | D:2      | Prayed at the altar of an unknown god.
   883 | D:2      | Became a worshipper of Dithmenos the Shadowed
   883 | D:2      | Reached * piety under Dithmenos
   982 | D:2      | Reached XP level 3. HP: 23/23 MP: 3/3
   993 | D:2      | Found Jucenyri's Weapon Emporium.
  1020 | D:2      | Found Xypas's Distillery.
  1069 | D:2      | Found Dics's Jewellery Shop.
  1075 | D:2      | Found a blossoming altar of Fedhas.
  1350 | D:2      | Found Zuathuv's Assorted Antiques.
  1414 | D:3      | Reached skill level 4 in Shapeshifting
  1442 | D:3      | Killed from afar by an orc priest

Illustrated notes

Levels and vault maps discovered:
D:1:      minmay_arrival_jagged, layout_basic, dreamdust_mushroom_princess
D:2:      layout_basic, basic_altar, serial_shops, shop,
          nicolae_shop_overgrown_old_shop, shop, shop, serial_rivers,
          chequers_serial_rivers_small_3, chequers_serial_rivers_room_b,
          chequers_serial_rivers_micro_b, chequers_serial_rivers_small_b,
          chequers_serial_rivers_large_b, chequers_serial_rivers_small_3,
          hellmonk_ecumenical_altar_blasted
D:3:      layout_rooms

Skill      XL: |  1  2  3 |
---------------+----------+-----
Stealth        | 1 2 |  2.7
Shapeshifting  | 4 |  4.0
Fighting       | |  1.0
Dodging        | |  2.0
Unarmed Combat | |  3.0

Action                     || total
---------------------------++-------
  Melee: Unarmed           ||    45
         Constrict         ||     9
         Tentacles         ||     7
         Punch             ||     2
   Stab: Sleeping          ||     9
 Armour: Skin              ||    14
  Dodge: Dodged            ||    25

Table legend: (Time is in decaauts)
 A = Elapsed time spent in this place.
 B = Non-inter-level travel time spent in this place.
 C = Inter-level travel time spent in this place.
 D = Time resting spent in this place.
 E = Time spent auto-exploring this place.
 F = Levels seen in this place.
 G = Mean time per level.
                   A        B        C        D        E       F      G
               +--------+--------+--------+--------+--------+-----+--------+
         Total |   1439 |   1412 |     27 |      0 |   1225 |   3 |  479.7 |
       Dungeon |   1439 |   1412 |     27 |      0 |   1225 |   3 |  479.7 |
               +--------+--------+--------+--------+--------+-----+--------+

Top non-repeatable levels by time:
     D:1: 847 daAuts
     D:2: 546 daAuts
     D:3: 44 daAuts
